 Dungeon Crawl Stone Soup version 0.21-a0-634-gaf8bc5d (webtiles) character file.

155249 Lanoc the Bludgeoner (level 17, -1/171 HPs)
             Began as a Troll Berserker on Dec 29, 2017.
             Was a High Priest of Trog.
             Hit by a javelin thrown by a merfolk javelineer (16 damage)
             ... on level 4 of the Shoals.
             The game lasted 01:59:02 (25974 turns).

Lanoc the Bludgeoner (Troll Berserker)             Turns: 25974, Time: 01:59:03

Health: -1/171     AC: 13    Str: 29    XL:     17   Next: 8%
Magic:  16/16      EV: 20    Int:  3    God:    Trog [*****.]
Gold:   2984       SH:  0    Dex: 20    Spells: 16/16 levels left

rFire    . . .     SeeInvis .   X - +10 morningstar "Eos" {elec, Halo rElec}
rCold    + . .     Gourm    +   (no shield)
rNeg     . . .     Faith    .   I - +0 acid dragon scales
rPois    +         Spirit   .   b - +2 hat "Luusu" {rC+ MR+ Dex+6}
rElec    +         Reflect  .   B - scarf {cloud immunity}
rCorr    +         Harm     .   (gloves unavailable)
MR       ++...                  (boots unavailable)
Stlth    +.........             (no amulet)
HPRegen  0.78/turn              E - ring of poison resistance
MPRegen  0.15/turn              w - +2 ring of evasion

@: barbed spikes, berserk cooldown, slowed, glowing, very slow
A: large, unfitting armour, claws 3, fast metabolism 3, gourmand, regeneration
1, shaggy fur 1, tough skin 2
a: Berserk, Trog's Hand, Brothers in Arms, Burn Spellbooks, Renounce Religion


You were on level 4 of the Shoals.
You worshipped Trog.
Trog was extremely pleased with you.
You were very full.

You visited 6 branches of the dungeon, and saw 29 of its levels.
You also visited: Ossuary and Ice Cave.

You collected 2984 gold pieces.

Inventory:

Hand Weapons
 v - the +10 dire flail of the Wraith {venom, rElec Int+4}
   (Trog gifted it to you on level 14 of the Dungeon)

   It poisons the flesh of those it strikes.
   It affects your intelligence (+4).
   It insulates you from electricity.
 T - the +11 giant spiked club of Infinite Pain {flame, rN+}
   (Trog gifted it to you on level 6 of the Lair of Beasts)

   It has been specially enchanted to burn those struck by it, causing extra
   injury to most foes and up to half again as much damage against particularly
   susceptible opponents.
   It protects you from negative energy.
 X - the +10 morningstar "Eos" (weapon) {elec, Halo rElec}
   (You found it on level 13 of the Dungeon)

   Occasionally, upon striking a foe, it will discharge some electrical energy
   and cause terrible harm.
   It insulates you from electricity.
Missiles
 a - 17 javelins of returning
 j - 10 javelins of penetration
 L - 31 large rocks (quivered)
 P - 6 silver javelins
 W - 4 throwing nets
Armour
 b - the +2 hat "Luusu" (worn) {rC+ MR+ Dex+6}
   (You found it on level 10 of the Dungeon)

   It affects your dexterity (+6).
   It protects you from cold.
   It affects your resistance to hostile enchantments.
 B - a scarf of cloud immunity (worn)
 H - a +2 cloak of invisibility
 I - +0 acid dragon scales (worn)
 O - +0 fire dragon scales
Jewellery
 f - an uncursed ring of protection from cold
 w - a +2 ring of evasion (right claw)
 E - a ring of poison resistance (left claw)
 K - an uncursed ring of positive energy
Wands
 o - a wand of random effects (76)
 q - a wand of iceblast (8)
 y - a wand of acid (7)
 C - a wand of digging (25)
 M - a wand of polymorph (21)
 N - a wand of flame (28)
 V - a wand of disintegration (42)
Scrolls
 d - 7 scrolls of magic mapping
 e - 17 scrolls of remove curse
 g - 13 scrolls of teleportation
 i - 5 scrolls of immolation
 r - 4 scrolls of blinking
 s - 7 scrolls of fog
 x - 7 scrolls of enchant armour
 F - 3 scrolls of holy word
 G - a scroll of summoning
 R - 6 scrolls of identify
 U - 2 scrolls of enchant weapon
 Y - 2 scrolls of fear
Potions
 h - 2 potions of ambrosia
 l - a potion of brilliance
 m - 2 potions of cancellation
 n - 16 potions of curing
 p - 3 potions of agility
 t - 4 potions of magic
 u - a potion of might
 z - 4 potions of haste
 A - 4 potions of flight
 J - 2 potions of berserk rage
 Q - 2 potions of heal wounds
 S - a potion of mutation
Miscellaneous
 D - a box of beasts
Comestibles
 c - 38 rations
 k - 5 chunks of flesh


   Skills:
 + Level 11.6 Fighting
 * Level 16.8 Maces & Flails
 + Level 12.2 Throwing
 + Level 8.7 Armour
 + Level 11.7 Dodging


You had 16 spell levels left.
You didn't know any spells.

Dungeon Overview and Level Annotations

Branches:
Dungeon (15/15)            Temple (1/1) D:5            Lair (6/6) D:11
 Shoals (4/4) Lair:4        Snake (1/4) Lair:3        Slime (0/5) Lair:6
    Orc (2/2) D:10            Elf (0/3) Orc:2        Vaults (0/5) D:14
 Depths (0/5) D:15

Altars:
Ashenzari
Cheibriados
Dithmenos
Elyvilon
Fedhas
Gozag
Hepliaklqana
Kikubaaqudgha
Makhleb
Nemelex Xobeh
Okawaru
Qazlal
Ru
Sif Muna
Trog
Uskayaw
Vehumet
Wu Jian
Xom
Yredelemnul
Zin
The Shining One
Beogh
Lugonu

Shops:
D:4 %   D:12 (   Orc:1 }   Orc:2 (*}[=   Shoals:4 *

Portals:
Trove: D:11 (lose all piety)

Annotations:
Snake:1 exclusion: Roxanne, Roxanne


Innate Abilities, Weirdness & Mutations

You are too large for most types of armour.
You have claws for hands.
Your metabolism is lightning-fast.
You like to eat raw meat.
Your natural rate of healing is unusually fast.
You are covered in fur. (AC +1)
You have very tough skin. (AC +2)


Message History

Your cyclops dies!
Your cyclops's corpse disappears in a puff of smoke!
Throwing (i - inventory. (,) - cycle):
L - 32 large rocks (quivered)
Press: ? - help, Shift-Dir - straight line, f/p - manticore
Aim: a manticore (heavily wounded, haloed)
You throw a large rock. The large rock hits the manticore!!
The manticore is almost dead.
The manticore flicks its tail.
The volley of spikes hits you!
The barbed spikes become lodged in your body.
* * * LOW HITPOINT WARNING * * *
The merfolk javelineer throws a poisoned javelin.
The poisoned javelin misses you.
The manticore flicks its tail.
The volley of spikes hits you!
The barbed spikes become lodged in your body.
* * * LOW HITPOINT WARNING * * *
The merfolk javelineer throws a javelin.
The javelin hits you!
You die...

)### ###≈≈≈P≈≈≈≈≈≈PPP.P
≈#####≈≈≈P≈≈≈≈≈≈≈.......
≈(.≈≈≈≈≈≈≈PP≈≈≈≈...#P.≈..
...≈.....≈≈P≈≈≈≈≈mm.≈≈≈≈≈
..........≈≈≈≈..(..≈≈≈≈≈≈
..(!...)...≈≈...H...≈≈≈≈≈
...≈...)).(≈)...(....≈≈≈≈
≈).≈≈..)).(.....(.().....
≈≈≈≈≈≈≈≈≈≈≈.....@).......
≈≈≈≈≈≈≈≈≈≈≈≈≈..()).(()..(
≈≈≈≈..≈≈≈≈≈≈≈..()†≈...(.#
.≈≈≈≈≈≈≈≈.......≈((......
.≈≈≈.(≈≈≈≈.≈####≈#((..#.∩
.≈≈≈..≈≈≈..## ###..(....
≈≈≈≈≈≈≈≈.### #≈(...#
≈≈≈≈≈..≈≈≈# ..(...
≈≈≈..<...## #..)..


You could see 2 merfolk javelineers and a manticore.

Vanquished Creatures
  A kraken (Shoals:2)
  Gastronok (Lair:1)
  Polyphemus (Shoals:4)
  Kirke (D:15)
  Aizul (Snake:1)
  An orc warlord (Orc:2)
  6 merfolk javelineers
  Snorg (D:14)
  2 fire dragons (Lair:6)
  5 merfolk impalers
  Harold (Orc:1)
  2 vault guards (D:14)
  2 hydras
  3 naga warriors (Snake:1)
  Erolcha (D:10)
  7 two-headed ogres
  4 merfolk aquamancers
  2 catoblepae
  2 merfolk avatars
  2 centaur warriors
  15 death yaks
  A satyr (Shoals:3)
  A tengu warrior (D:13)
  A naga sharpshooter (Snake:1)
  An orc high priest (Orc:2)
  Nergalle (Orc:1)
  8 sea snakes
  A skeletal warrior (D:15)
  A fire crab (shapeshifter) (D:15)
  A wizard (D:14)
  A swamp dragon (Lair:6)
  A glowing orange brain (shapeshifter) (D:15)
  A lindwurm (Lair:6)
  4 orc knights
  2 necromancers (D:14)
  Pikel (D:4)
  14 harpies
  5 orc sorcerers
  2 oklob plants (Lair:4)
  13 ugly things
  The ghost of cirnu the Slasher, a novice DsFi (D:6)
  15 fauns
  11 manticores
  2 deep elf magi (D:14)
  10 merfolk sirens
  7 elephants
  3 ice statues (IceCv)
  8 black mambas
  3 cyclopes
  2 guardian serpents (D:15)
  Joseph (Lair:1)
  5 torpor snails (Lair:6)
  5 water nymphs
  A gargoyle (D:11)
  5 rime drakes
  11 spiny frogs
  4 kobold demonologists
  9 komodo dragons
  2 efreet (D:15)
  A yaktaur (D:15)
  A tengu conjurer (D:13)
  4 tyrant leeches (Lair:6)
  6 trolls
  3 wind drakes
  19 merfolk
  3 polar bears (Lair:1)
  3 dream sheep (Shoals:2)
  14 slime creatures
  6 hornets (Lair:6)
  Grinder (D:4)
  10 hippogriffs
  4 blink frogs (Lair:4)
  9 snapping turtles
  5 water elementals
  2 wyverns
  2 wraiths
  22 yaks
  2 shadows (D:13)
  19 humans (D:14)
  3 hungry ghosts
  A basilisk (Lair:6)
  2 vampire mosquitoes (D:14)
  2 steam dragons (Lair:6)
  Edmund (D:6)
  A two-headed ogre zombie (D:10)
  6 wargs
  4 nagas (Lair:3)
  An acid dragon (Lair:6)
  6 porcupines
  10 water moccasins
  Duvessa (D:5)
  2 hell hounds (D:11)
  A swamp drake (Lair:6)
  27 orc warriors
  9 ice beasts
  5 sky beasts
  A hornet zombie (D:15)
  17 ogres
  A necrophage (D:6)
  4 phantoms
  7 centaurs
  17 wolves
  9 crocodiles
  3 boggarts (D:15)
  5 big kobolds
  4 elf zombies (Ossuary)
  Blork the orc (D:6)
  10 bullfrogs
  Dowan (D:5)
  3 troll zombies (D:10)
  2 scorpions
  11 killer bees (D:11)
  8 wights
  A howler monkey (D:10)
  5 crimson imps
  3 quasits
  8 centaur zombies
  2 human zombies (Ossuary)
  3 bullfrog zombies
  7 centaur skeletons
  5 hounds
  5 jellies
  A bullfrog skeleton (D:13)
  13 orc priests
  Crazy Yiuf (D:3)
  6 iguanas
  7 worker ants
  22 orc wizards
  A killer bee zombie (D:7)
  4 ogre zombies (D:10)
  A hound zombie (D:11)
  A hound skeleton (D:6)
  3 mummies (Ossuary)
  Robin (D:4)
  3 gnolls (D:5)
  13 adders
  3 shadow imps
  12 white imps (Lair:1)
  An ooze (D:3)
  6 adder skeletons
  4 worms
  4 leopard geckos
  83 orcs
  4 ball pythons
  13 giant cockroaches
  11 goblins
  9 hobgoblins
  15 jackals
  3 quokkas
  7 bats
  7 frilled lizards
  2 goblin skeletons (D:10)
  3 goblin zombies
  A hobgoblin skeleton (D:10)
  A hobgoblin zombie (D:10)
  A jackal skeleton (D:7)
  30 kobolds
  A leopard gecko skeleton (D:4)
  2 orc skeletons (D:10)
  17 orc zombies (D:10)
  2 quokka skeletons (D:4)
  A quokka zombie (D:4)
  4 rats
  A fungus (Lair:6)
  2 plants (Lair:4)
914 creatures vanquished.

Vanquished Creatures (collateral kills)
  Nikola (Shoals:4)
  Nessos (D:14)
  A merfolk aquamancer (Shoals:4)
  Urug (D:10)
  3 skeletal warriors (D:15)
  A cyclops (Shoals:2)
  A manticore (D:10)
  6 merfolk
  A dream sheep (Shoals:2)
  A shadow (D:15)
  A water moccasin (D:10)
  A sky beast (D:10)
  An ogre (D:10)
  A crimson imp (D:10)
  2 orc priests (D:10)
  3 orc wizards (D:10)
  A hound skeleton (D:10)
  A worker ant zombie (D:10)
28 creatures vanquished.

Vanquished Creatures (others)
  2 humans (D:15)
  A water moccasin (Lair:1)
  An ogre (D:14)
  2 hound skeletons (D:4)
  5 fungi
  41 plants
  36 tentacles (Shoals:2)
88 creatures vanquished.

Grand Total: 1030 creatures vanquished

Notes
Turn   | Place    | Note
-------+----------+-------------------------------------------
     0 | D:1      | Lanoc the Troll Berserker began the quest for the Orb.
     0 | D:1      | Reached XP level 1. HP: 22/22 MP: 0/0
   300 | D:1      | Reached XP level 2. HP: 24/29 MP: 1/1
   304 | D:1      | Reached skill level 3 in Maces & Flails
   766 | D:2      | Reached XP level 3. HP: 36/36 MP: 2/2
   783 | D:2      | Reached ** piety under Trog
   791 | D:2      | Reached skill level 1 in Throwing
  1133 | D:2      | Found an ornate altar of the Wu Jian Council.
  1207 | D:2      | Reached XP level 4. HP: 44/44 MP: 3/3
  1776 | D:3      | Noticed a dagger
  1776 | D:3      | Noticed a hand axe
  1785 | D:3      | Reached XP level 5. HP: 53/53 MP: 4/4
  1807 | D:3      | Found a hide-covered altar of Uskayaw.
  2122 | D:3      | Found a runed door.
  2221 | D:3      | Noticed Crazy Yiuf
  2227 | D:3      | Killed Crazy Yiuf
  2227 | D:3      | Reached skill level 4 in Maces & Flails
  2284 | D:4      | Noticed a phantom
  2288 | D:4      | Noticed Robin
  2294 | D:4      | Reached *** piety under Trog
  2307 | D:4      | Killed Robin
  2352 | D:4      | Killed a phantom
  2352 | D:4      | Reached XP level 6. HP: 60/61 MP: 5/5
  2474 | D:4      | Found Syapp's Food Shoppe.
  2489 | D:4      | Found a sand-covered staircase.
  2496 | Ossuary  | Entered an ossuary
  2615 | Ossuary  | Reached skill level 5 in Maces & Flails
  2642 | Ossuary  | Reached XP level 7. HP: 54/68 MP: 6/6
  3117 | D:4      | Noticed Grinder
  3133 | D:4      | Killed Grinder
  3133 | D:4      | Reached skill level 6 in Maces & Flails
  3133 | D:4      | Reached XP level 8. HP: 46/78 MP: 7/7
  3166 | D:4      | Found a sparkling altar of Nemelex Xobeh.
  3282 | D:4      | Found an opulent altar of Gozag.
  3283 | D:4      | Noticed Pikel
  3293 | D:4      | Killed Pikel
  3809 | D:5      | Entered Level 5 of the Dungeon
  3910 | D:5      | Reached **** piety under Trog
  3993 | D:5      | Found a deep blue altar of Sif Muna.
  4041 | D:5      | Reached skill level 7 in Maces & Flails
  4152 | D:5      | Found a shadowy altar of Dithmenos.
  4332 | D:5      | Noticed Duvessa
  4334 | D:5      | Noticed Dowan
  4342 | D:5      | Killed Duvessa
  4342 | D:5      | Reached skill level 5 in Fighting
  4342 | D:5      | Reached skill level 5 in Dodging
  4345 | D:5      | Reached XP level 9. HP: 88/88 MP: 8/8
  4350 | D:5      | Killed Dowan
  4388 | D:5      | Found a staircase to the Ecumenical Temple.
  4461 | Temple   | Entered the Ecumenical Temple
  4566 | D:6      | Noticed cirnu's ghost (novice DsFi)
  4596 | D:6      | Killed cirnu's ghost
  4596 | D:6      | Reached skill level 8 in Maces & Flails
  4596 | D:6      | Reached skill level 5 in Throwing
  4663 | D:6      | Found a glowing golden altar of the Shining One.
  4666 | D:6      | Noticed Edmund
  4678 | D:6      | Killed Edmund
  4750 | D:6      | Received a gift from Trog
  5133 | D:6      | Found an iron altar of Okawaru.
  5156 | D:6      | Got an ichor-stained mace
  5157 | D:6      | Identified the cursed +3 mace of Arisius {crush, *Noise rElec rPois Str+5} (You found it on level 6 of the Dungeon)
  5289 | D:6      | Noticed Blork the orc
  5290 | D:6      | Found a glowing silver altar of Zin.
  5296 | D:6      | Killed Blork the orc
  5810 | D:7      | Reached ***** piety under Trog
  5916 | D:7      | Found an ancient bone altar of Kikubaaqudgha.
  6196 | D:7      | Reached XP level 10. HP: 98/98 MP: 9/9
  6346 | D:8      | Reached skill level 9 in Maces & Flails
  6465 | D:8      | Received a gift from Trog
  7338 | D:9      | Noticed a two-headed ogre
  7346 | D:9      | Killed a two-headed ogre
  7553 | D:9      | Found a sparkling altar of Nemelex Xobeh.
  7743 | D:9      | Received a gift from Trog
  7745 | D:9      | Got a translucent longbow {god gift}
  7746 | D:9      | Identified the +7 longbow of Wapreesm {freeze, Dex+6} (Trog gifted it to you on level 9 of the Dungeon)
  7792 | D:9      | Noticed a two-headed ogre
  7792 | D:9      | Reached skill level 10 in Maces & Flails
  7812 | D:9      | Killed a two-headed ogre
  8124 | D:10     | Entered Level 10 of the Dungeon
  8138 | D:10     | Noticed Urug
  8162 | D:10     | HP: 2/100 [Urug/enchanted halberd (10)]
  8163 | D:10     | Killed Urug
  8163 | D:10     | Reached XP level 11. HP: 1/107 MP: 10/10
  8189 | D:10     | Noticed Erolcha
  8259 | D:10     | Killed Erolcha
  8298 | D:10     | Noticed a two-headed ogre
  8310 | D:10     | Killed a two-headed ogre
  8364 | D:10     | Got a distressingly furry hat
  8381 | D:10     | Noticed a two-headed ogre
  8396 | D:10     | Killed a two-headed ogre
  8429 | D:10     | Received a gift from Trog
  8482 | D:10     | Identified the +2 hat "Luusu" {rC+ MR+ Dex+6} (You found it on level 10 of the Dungeon)
  8540 | D:10     | Reached skill level 11 in Maces & Flails
  8605 | D:10     | Found a staircase to the Orcish Mines.
  8669 | D:10     | Received a gift from Trog
  8995 | D:11     | Found a blossoming altar of Fedhas.
  8995 | D:11     | Noticed a green ugly thing
  9000 | D:11     | Noticed a cyan ugly thing
  9002 | D:11     | Noticed a two-headed ogre
  9007 | D:11     | Killed a cyan ugly thing
  9014 | D:11     | Killed a two-headed ogre
  9018 | D:11     | Killed a green ugly thing
  9086 | D:11     | Received a gift from Trog
  9229 | D:11     | Noticed a two-headed ogre
  9268 | D:11     | Killed a two-headed ogre
  9268 | D:11     | Reached XP level 12. HP: 119/119 MP: 11/11
  9473 | D:11     | Found a portal to a secret trove of treasure.
  9529 | D:11     | Found a staircase to the Lair.
  9585 | D:11     | Found a corrupted altar of Lugonu.
 10090 | D:12     | Found Yvorha's Antique Weapon Emporium.
 10238 | D:12     | Received a gift from Trog
 10253 | D:12     | Reached skill level 12 in Maces & Flails
 10336 | D:12     | Reached skill level 1 in Armour
 10701 | D:13     | Found the +10 morningstar "Eos" {elec, Halo rElec}
 10701 | D:13     | Noticed a tengu warrior
 10713 | D:13     | Killed a tengu warrior
 11376 | D:14     | Noticed a centaur warrior
 11380 | D:14     | Killed a centaur warrior
 11472 | D:14     | Noticed Nessos
 11480 | D:14     | Killed Nessos
 11602 | D:14     | Noticed Snorg
 11610 | D:14     | Killed Snorg
 11802 | D:14     | Reached XP level 13. HP: 119/128 MP: 12/12
 11962 | D:14     | Found a gate to the Vaults.
 11970 | D:14     | Reached skill level 13 in Maces & Flails
 12126 | D:14     | Received a gift from Trog
 12130 | D:14     | Got a pitted dire flail {god gift}
 12134 | D:14     | Identified the +10 dire flail of the Wraith {venom, rElec Int+4} (Trog gifted it to you on level 14 of the Dungeon)
 12410 | D:15     | Entered Level 15 of the Dungeon
 12553 | D:15     | Found a staircase to the Depths.
 12619 | D:15     | Noticed Kirke
 12630 | D:15     | Killed Kirke
 12926 | D:15     | Received a gift from Trog
 13103 | D:15     | Upgraded the game from 0.21-a0-633-g4c047d5 to 0.21-a0-634-gaf8bc5d
 13338 | Lair:1   | Entered Level 1 of the Lair of Beasts
 13353 | Lair:1   | Found a frozen archway.
 13369 | Lair:1   | Received a gift from Trog
 13398 | IceCv    | Entered an ice cave
 13437 | IceCv    | Reached XP level 14. HP: 140/140 MP: 13/13
 13537 | IceCv    | Received a gift from Trog
 13649 | Lair:1   | Noticed Joseph
 13659 | Lair:1   | Reached skill level 5 in Armour
 13661 | Lair:1   | Killed Joseph
 13824 | Lair:1   | Reached skill level 10 in Throwing
 13910 | Lair:1   | Noticed Gastronok
 13925 | Lair:1   | Killed Gastronok
 13925 | Lair:1   | Reached skill level 14 in Maces & Flails
 15544 | Lair:3   | Found a staircase to the Snake Pit.
 15967 | Lair:3   | Reached skill level 10 in Dodging
 16359 | Lair:4   | Got a slimy dire flail
 16360 | Lair:4   | Identified the +6 dire flail of the Pit {flame, *Rage Str+4 Dex+2} (You found it on level 4 of the Lair of Beasts)
 16431 | Lair:4   | Received a gift from Trog
 16448 | Lair:4   | Reached skill level 10 in Fighting
 17060 | Lair:4   | Found a staircase to the Shoals.
 17879 | Lair:6   | Entered Level 6 of the Lair of Beasts
 17999 | Lair:6   | Reached XP level 15. HP: 146/149 MP: 14/14
 18403 | Lair:6   | Found a staircase to the Slime Pits.
 18410 | Lair:6   | Reached skill level 15 in Maces & Flails
 18415 | Lair:6   | Received a gift from Trog
 18945 | Lair:6   | Found a runed door.
 18976 | Lair:6   | Received a gift from Trog
 19059 | Lair:6   | Got a smoking giant spiked club {god gift}
 19060 | Lair:6   | Identified the +11 giant spiked club of Infinite Pain {flame, rN+} (Trog gifted it to you on level 6 of the Lair of Beasts)
 19549 | Orc:1    | Entered Level 1 of the Orcish Mines
 19549 | Orc:1    | Noticed Harold
 19562 | Orc:1    | Killed Harold
 19654 | Orc:1    | Noticed Nergalle
 19671 | Orc:1    | Killed Nergalle
 19744 | Orc:1    | Found Soympaw's Gadget Emporium.
 19766 | Orc:1    | Found a roughly hewn altar of Beogh.
 20032 | Orc:2    | Entered Level 2 of the Orcish Mines
 20191 | Orc:2    | Noticed an orc warlord
 20205 | Orc:2    | Killed an orc warlord
 20223 | Orc:2    | Reached ****** piety under Trog
 20291 | Orc:2    | Received a gift from Trog
 20292 | Orc:2    | Found a roughly hewn altar of Beogh.
 20299 | Orc:2    | Found Umanlul's Jewellery Shop.
 20350 | Orc:2    | Found Biph's Antique Armour Shop.
 20523 | Orc:2    | Found Nauqua's Gadget Emporium.
 20594 | Orc:2    | Found a staircase to the Elven Halls.
 20679 | Orc:2    | Found Iffiutuv's General Store.
 20694 | Orc:2    | Found Lacuocol's Antique Weapon Shop.
 21075 | Shoals:1 | Entered Level 1 of the Shoals
 21097 | Shoals:1 | Received a gift from Trog
 21325 | Snake:1  | Entered Level 1 of the Snake Pit
 21337 | Snake:1  | Noticed Aizul
 21355 | Snake:1  | Killed Aizul
 21466 | Snake:1  | Noticed Roxanne
 22117 | Shoals:1 | Received a gift from Trog
 22291 | Shoals:1 | Reached XP level 16. HP: 76/161 MP: 15/15
 22399 | Shoals:1 | Got an ichor-stained whip {slash}
 22413 | Shoals:1 | Identified the +5 whip of Pride {slash, rF+} (You took it off a merfolk on level 1 of the Shoals)
 22478 | Shoals:1 | Received a gift from Trog
 22847 | Shoals:2 | Reached skill level 16 in Maces & Flails
 22850 | Shoals:2 | Received a gift from Trog
 23022 | Shoals:2 | Received a gift from Trog
 23226 | Shoals:2 | Found a deep blue altar of Sif Muna.
 23231 | Shoals:2 | Noticed a kraken
 23460 | Shoals:2 | Killed a kraken
 24453 | Shoals:3 | Noticed a kraken
 25059 | Shoals:3 | Received a gift from Trog
 25385 | Shoals:4 | Entered Level 4 of the Shoals
 25665 | Shoals:4 | Received a gift from Trog
 25727 | Shoals:4 | Noticed Polyphemus
 25762 | Shoals:4 | Killed Polyphemus
 25882 | Shoals:4 | Received a gift from Trog
 25941 | Shoals:4 | Noticed Nikola
 25945 | Shoals:4 | Reached XP level 17. HP: 88/170 MP: 13/16
 25949 | Shoals:4 | Found Uxter's Assorted Antiques.
 25961 | Shoals:4 | Killed Nikola
 25974 | Shoals:4 | Hit by a javelin thrown by a merfolk javelineer

Vault maps used:
D:1:      tarquinn_simple_flora_water_f, minmay_pentomino_q2
D:2:      minmay_roachtagon, overflow_temple_1_default
D:3:      dancing_weapons_uskayaw, uniq_crazy_yiuf_cottage
D:4:      grunt_gozag_statues, serial_forest, infiniplex_forest_corner_1,
          infiniplex_forest_clump_medium, infiniplex_forest_diagonal,
          infiniplex_forest_end_1, infiniplex_forest_clump_medium,
          infiniplex_forest_lined_room_3, serial_shops, nicolae_shop_trees,
          enter_ossuary_4, roderic_lattice_a, minmay_door_square,
          serial_bayou_pond_b, nemelex_spade_bored_becter, uniq_pikel,
          uniq_grinder, uniq_robin
D:5:      lemuel_blue_sif_altar, minmay_temple_entry_poolview, first_ration,
          grunt_dithmenos_shadows, uniq_duvessa
D:6:      tso_metal_star, zin_academy, basic_altar, uniq_edmund,
          uniq_blork_the_orc
D:7:      basic_altar
D:8:      grunt_ogre_cave
D:9:      kennysheep_little_box, moated_statue
D:10:     zombieorc2_lemuel, uniq_erolcha, uniq_urug
D:11:     kennysheep_kobold_lugonu_temple, minmay_lair_entry_lava,
          nicolae_trove_entry_crossroad, fedhas_altar_1
D:12:     serial_shops, shop
D:14:     grunt_vaults_entry_tiered, minmay_strange_pillars, uniq_nessos,
          uniq_snorg
D:15:     gammafunk_enter_depths_forms, minmay_misc_feat_secret_circle,
          nrook_guardian_serpent_ordinary, uniq_kirke
Temple:   eino_wide_crystal_templ
Lair:1:   portal_ice_cave_entry_imps, serial_bayou_pond_a,
          cheibrodos_lair_lostbears, uniq_gastronok, uniq_joseph
Lair:2:   dpeg_oklob_shooting_range, infiniplex_staircase_pool
Lair:3:   minmay_snake_entry_guardpost_small
Lair:4:   minmay_shoals_entry_lonely_mermaid, cheibrodos_lair_reptile_den,
          minmay_lair_oklob_chamber
Lair:6:   guppyfry_lair_end_dragon, wormcave, minmay_slime_entry_pillars,
          ldierk_geyser
Shoals:1: st_sunken_temple
Shoals:2: wheals_shoals_ruined_temple
Shoals:4: shoals_end_grunt_ice, shoals_ilsuiw_ice, serial_shops,
          nicolae_shop_stone, uniq_ilsuiw, uniq_polyphemus, uniq_nikola
Snake:1:  uniq_aizul, uniq_roxanne
Orc:1:    basic_altar, serial_shops, nicolae_shop_behind_doors, uniq_nergalle,
          uniq_harold
Orc:2:    grunt_orc_cross, serial_shops, nicolae_shop_stone
Ossuary:  ossuary_minmay_four_chambers
IceCv:    ice_cave_statue_garden_chambered

Skill      XL: |  1  2  3  4  5  6  7  8  9 10 11 12 13 14 15 16 |
---------------+-------------------------------------------------+-----
Maces & Flails | 3 4 5 6 7 8 10 11 12 13 14 15 16 | 16.8
Throwing       | 1 2 3 4 5 6 8 9 10 11 12 | 12.2
Fighting       | 3 4 5 6 7 8 9 10 11 | 11.6
Dodging        | 3 4 5 6 7 8 9 10 11 | 11.7
Armour         | 3 4 6 7 8 |  8.7

Action                   |  1- 3 |  4- 6 |  7- 9 | 10-12 | 13-15 | 16-18 || total
-------------------------+-------+-------+-------+-------+-------+-------++-------
Melee: Mace              |   116 |   191 |   212 |   715 |       |       ||  1234
       Whip              |       |       |   315 |       |       |       ||   315
       Morningstar       |       |       |       |    95 |  1091 |   309 ||  1495
Throw: Large rock        |       |       |     2 |       |       |    28 ||    30
       Tomahawk          |       |       |       |    27 |       |       ||    27
       Javelin           |       |       |       |    14 |    45 |   111 ||   170
Invok: Berserk           |     3 |     6 |    14 |    17 |    19 |     5 ||    64
       Burn Spellbooks   |       |       |     1 |     4 |     7 |       ||    12
       Trog's Hand       |       |       |       |     4 |    11 |     5 ||    20
       Brothers in Arms  |       |       |       |     3 |     2 |     4 ||     9
  Use: Scroll            |     2 |     1 |    14 |     8 |     9 |     2 ||    36
       Potion            |       |       |       |     2 |     1 |     5 ||     8
 Stab: Sleeping          |       |     1 |     2 |     1 |       |       ||     4
       Petrified         |       |       |       |       |       |     8 ||     8
  Eat: Chunk             |    19 |    17 |    48 |    65 |   113 |    44 ||   306
       Ration            |       |       |       |     2 |     4 |       ||     6
Armor: Animal skin       |    97 |    86 |    48 |       |       |       ||   231
       Robe              |       |       |   140 |    56 |       |       ||   196
       Troll leather arm |       |       |       |   240 |   163 |       ||   403
       Fire dragon scale |       |       |       |       |   116 |    62 ||   178
       Acid dragon scale |       |       |       |       |     4 |    45 ||    49
Dodge: Dodged            |   106 |   121 |   235 |   760 |   888 |   368 ||  2478

Table legend:
 A = Spawn XP
 B = Non-spawn XP
 C = Spawn XP percentage of total XP
 D = Spawn monster count
 E = Non-spawn monster count
 F = Spawn count percentage of total count
 G = Total turns spent on level
                    A         B        C        D         E        F      G
               +---------+---------+-------+---------+---------+-------+---------
         Total |       0 |  221785 |   0.0 |       0 |     941 |   0.0 | 25974
               +---------+---------+-------+---------+---------+-------+---------
           D:1 |       0 |      22 |   0.0 |       0 |      14 |   0.0 |   738
           D:2 |       0 |      94 |   0.0 |       0 |      29 |   0.0 |   762
           D:3 |       0 |     143 |   0.0 |       0 |      25 |   0.0 |   782
           D:4 |       0 |    1137 |   0.0 |       0 |      31 |   0.0 |  1273
           D:5 |       0 |     900 |   0.0 |       0 |      20 |   0.0 |   704
           D:6 |       0 |    1730 |   0.0 |       0 |      27 |   0.0 |   856
           D:7 |       0 |     913 |   0.0 |       0 |      32 |   0.0 |   801
           D:8 |       0 |     894 |   0.0 |       0 |      25 |   0.0 |  1115
           D:9 |       0 |    4272 |   0.0 |       0 |      57 |   0.0 |   840
          D:10 |       0 |    5620 |   0.0 |       0 |      63 |   0.0 |   805
          D:11 |       0 |    7752 |   0.0 |       0 |      38 |   0.0 |   833
          D:12 |       0 |    2125 |   0.0 |       0 |      21 |   0.0 |  1021
          D:13 |       0 |    3584 |   0.0 |       0 |      15 |   0.0 |   688
          D:14 |       0 |   18281 |   0.0 |       0 |      56 |   0.0 |  1046
          D:15 |       0 |   15106 |   0.0 |       0 |      46 |   0.0 |   853
        Lair:1 |       0 |    6693 |   0.0 |       0 |      29 |   0.0 |   948
        Lair:2 |       0 |    4112 |   0.0 |       0 |      18 |   0.0 |   747
        Lair:3 |       0 |    5348 |   0.0 |       0 |      24 |   0.0 |  1247
        Lair:4 |       0 |   14291 |   0.0 |       0 |      27 |   0.0 |  1156
        Lair:5 |       0 |    3130 |   0.0 |       0 |      17 |   0.0 |   685
        Lair:6 |       0 |   19987 |   0.0 |       0 |      62 |   0.0 |  1501
      Shoals:1 |       0 |   17482 |   0.0 |       0 |      31 |   0.0 |   981
      Shoals:2 |       0 |   17699 |   0.0 |       0 |      38 |   0.0 |  1445
      Shoals:3 |       0 |   13155 |   0.0 |       0 |      25 |   0.0 |  1117
      Shoals:4 |       0 |   30230 |   0.0 |       0 |      47 |   0.0 |   589
       Snake:1 |       0 |    6798 |   0.0 |       0 |       8 |   0.0 |   583
         Orc:1 |       0 |    6596 |   0.0 |       0 |      37 |   0.0 |   498
         Orc:2 |       0 |    9639 |   0.0 |       0 |      53 |   0.0 |   845
       Ossuary |       0 |     819 |   0.0 |       0 |      15 |   0.0 |   254
         IceCv |       0 |    3233 |   0.0 |       0 |      11 |   0.0 |   208
               +---------+---------+-------+---------+---------+-------+---------
